 Dungeon Crawl Stone Soup version 0.21-a0-509-gecc5317 (webtiles) character file.

64 Gerstahl the Chiller (level 4, -1/36 HPs)
             Began as a Naga Ice Elementalist on Nov 30, 2017.
             Slain by a centaur zombie (5 damage)
             ... on level 2 of the Dungeon.
             The game lasted 00:04:00 (1340 turns).

Gerstahl the Chiller (Naga Ice Elementalist)        Turns: 1340, Time: 00:04:01

Health: -1/36      AC:  2    Str:  7 (10) XL:     4   Next: 12%
Magic:  2/8        EV: 10    Int: 15 (16) God:
Gold:   77         SH:  0    Dex: 10 (12) Spells: 8/9 levels left

rFire    . . .     SeeInvis +   (no weapon)
rCold    . . .     Gourm    .   (no shield)
rNeg     . . .     Faith    .   a - +0 robe
rPois    +         Spirit   .   (no helmet)
rElec    .         Reflect  .   (no cloak)
rCorr    +         Harm     .   (no gloves)
MR       .....                  (no barding)
Stlth    +++.......             (no amulet)
HPRegen  0.12/turn              d - ring of resist corrosion
MPRegen  0.11/turn              n - ring of stealth

@: very slow
A: large, see invisible, deformed body, poison resistance, slowness 2, slow
metabolism 1, spit poison 1, AC +1
a: Spit Poison


You were on level 2 of the Dungeon.
You were not hungry.

You visited 1 branch of the dungeon, and saw 2 of its levels.

You collected 77 gold pieces.

Inventory:

Armour
 a - a +0 robe (worn)
 j - a +0 shield
 p - a +0 naga barding
Jewellery
 d - a ring of resist corrosion (left hand)
 n - a ring of stealth (right hand)
Scrolls
 e - a scroll of enchant weapon
 g - a scroll of enchant armour {unknown}
 h - a scroll of identify
 i - a scroll of remove curse {unknown}
Potions
 k - a potion of degeneration
Books
 b - a book of Frost

   Spells                             Type                      Level
   a - Freeze                         Ice                          1
   b - Throw Frost                    Conjuration/Ice              2
   c - Ozocubu's Armour               Charms/Ice                   3
   d - Throw Icicle                   Conjuration/Ice              4
   e - Summon Ice Beast               Ice/Summoning                4
Comestibles
 c - a bread ration
 f - a royal jelly
 l - 2 fruits
 m - a meat ration
 o - a chunk of flesh


   Skills:
 - Level 1.5 Dodging
 - Level 3.0 Stealth
 + Level 3.1 Spellcasting
   Level 1.0 Conjurations
 + Level 4.0 Ice Magic


You had 8 spell levels left.
You knew the following spells:

 Your Spells              Type           Power        Failure   Level  Hunger
a - Freeze                Ice            ##..         3%          1    #......


Dungeon Overview and Level Annotations

Branches:
Dungeon (2/15)

Altars:


Innate Abilities, Weirdness & Mutations

You cannot wear boots.
Your serpentine skin is tough. (AC +1)
You have supernaturally acute eyesight. (SInv)
Armour fits poorly on your strangely shaped body.
Your system is resistant to poisons. (rPois)
You cover ground very slowly.
You have a slow metabolism.
You can spit poison.


Message History

You freeze the centaur zombie.
The centaur zombie completely resists.
The centaur zombie is lightly damaged.
The centaur zombie hits you. x2
Casting: Freeze
Confirm with . or Enter, or press ? or * to list all spells.
Aiming: Freeze
Press: ? - help, Shift-Dir - straight line, f/p - centaur zombie
Aim: a centaur zombie (lightly damaged)
You freeze the centaur zombie.
The centaur zombie completely resists.
The centaur zombie is lightly damaged.
The centaur zombie hits you.
* * * LOW HITPOINT WARNING * * *
The centaur zombie hits you.
* * * LOW HITPOINT WARNING * * *
The centaur zombie hits you but does no damage.
The centaur zombie barely misses you. The centaur zombie hits you.
* * * LOW HITPOINT WARNING * * *
The centaur zombie hits you.
You die...

#......... #.......... ..
#... #.......... .##..#
######.......... ....#
#....#.......... ...#
#....#.......... ..#
#....##)........
..#####.###...............
........##...@.....###.##
##.....#.Z÷#..## .#
###....#.......## #
.#.#...##.#...#####
..........#.....#
..#..####.......#
##............#
###..........#
#...†...#..#


You could see a centaur zombie.

Vanquished Creatures
  Terence (D:2)
  An ooze (D:2)
  A dart slug (D:1)
  3 giant cockroaches
  4 hobgoblins (D:1)
  5 jackals
  5 bats
  2 frilled lizards (D:2)
  4 goblins
  7 kobolds (D:1)
  A rat (D:2)
34 creatures vanquished.

Notes
Turn   | Place    | Note
-------+----------+-------------------------------------------
     0 | D:1      | Gerstahl the Naga Ice Elementalist began the quest for the Orb.
     0 | D:1      | Reached XP level 1. HP: 15/15 MP: 3/3
   126 | D:1      | Reached XP level 2. HP: 18/22 MP: 0/5
   837 | D:1      | Reached XP level 3. HP: 23/28 MP: 0/6
  1105 | D:2      | Noticed Terence
  1124 | D:2      | Killed Terence
  1252 | D:2      | Reached XP level 4. HP: 29/36 MP: 6/8
  1262 | D:2      | Reached skill level 4 in Ice Magic
  1340 | D:2      | Slain by a centaur zombie

Vault maps used:
D:1:      dpeg_arrival_radiant, corner_web_ring, serial_park_tiny_2,
          st_stairs_7, minmay_split_cup_small
D:2:      makhleb_heckhound_becter, uniq_terence, uniq_natasha,
          uniq_crazy_yiuf_cottage

Skill      XL: |  1  2  3  4 |
---------------+-------------+-----
Spellcasting   | 3 |  3.1
Ice Magic      | 4 |  4.0
Dodging        | |  1.5
Stealth        | |  3.0
Conjurations   | |  1.0

Action                   |  1- 3 |  4- 6 || total
-------------------------+-------+-------++-------
Melee: Unarmed           |    15 |       ||    15
 Cast: Freeze            |    35 |    14 ||    49
 Abil: Spit Poison       |    17 |     2 ||    19
  Use: Scroll            |       |     1 ||     1
       Potion            |       |     1 ||     1
 Stab: Sleeping          |     3 |       ||     3
  Eat: Chunk             |     2 |       ||     2
Armor: Robe              |    13 |     4 ||    17
Dodge: Dodged            |    21 |     6 ||    27

Table legend:
 A = Spawn XP
 B = Non-spawn XP
 C = Spawn XP percentage of total XP
 D = Spawn monster count
 E = Non-spawn monster count
 F = Spawn count percentage of total count
 G = Total turns spent on level
                    A         B        C        D         E        F      G
               +---------+---------+-------+---------+---------+-------+---------
         Total |       0 |      92 |   0.0 |       0 |      34 |   0.0 |  1340
               +---------+---------+-------+---------+---------+-------+---------
           D:1 |       0 |      39 |   0.0 |       0 |      23 |   0.0 |  1075
           D:2 |       0 |      53 |   0.0 |       0 |      11 |   0.0 |   265
               +---------+---------+-------+---------+---------+-------+---------
